 Dungeon Crawl Stone Soup version 0.23.0-42-geed6394480 (webtiles) character file.

Game seed: 0

11774 Marnok the Blocker (level 11, -15/97 HPs)
             Began as a Deep Dwarf Fighter on Feb 27, 2019.
             Was an Elder of Ru.
             Demolished by a titanic slime creature (66 damage)
             ... on level 12 of the Dungeon on Feb 28, 2019.
             The game lasted 01:12:15 (7827 turns).

Marnok the Blocker (Deep Dwarf Fighter)             Turns: 7827, Time: 01:12:16

Health: -15/97     AC:  9    Str: 21    XL:     11   Next: 53%
Magic:  4/4        EV: 14    Int: 11    God:    Ru [****..]
Gold:   350        SH: 15    Dex: 12    Spells: 10/10 levels left

rFire    . . .     SeeInvis +   l - +4 short sword (venom)
rCold    . . .     Gourm    .   c - +3 shield
rNeg     . . .     Faith    .   P - +0 troll leather armour
rPois    +         Spirit   .   m - +2 helmet
rElec    .         Reflect  .   (no cloak)
rCorr    .         Harm     .   G - +0 pair of gloves
MR       +....                  (no boots)
Stlth    ++........             (no amulet)
HPRegen  0.00/turn              n - ring of poison resistance
MPRegen  0.09/turn              M - ring of see invisible

@: no scrolls, non-regenerating
A: damage resistance, heal wounds, sense surroundings 2, screaming 1, inability
to read while threatened, unskilled 1, missing an eye, no regeneration
a: Heal Wounds, Draw Out Power, Power Leap, Renounce Religion


You were on level 12 of the Dungeon.
You worshipped Ru.
Ru was greatly pleased with you.
You were hungry.

You visited 1 branch of the dungeon, and saw 12 of its levels.

You collected 650 gold pieces.
You spent 300 gold pieces at shops.

Inventory:

Hand Weapons
 a - a +0 whip of electrocution
 k - a +0 whip of electrocution
 l - a +4 short sword of venom (weapon)
 q - a +0 hand axe of electrocution
 s - a +1 hand axe of chopping
 B - a +0 fustibalus
 H - a +2 flail of draining
 I - a +1 dagger of protection
Missiles
 g - 276 stones (quivered)
 j - 76 sling bullets
 A - 2 silver tomahawks
Armour
 c - a +3 shield (worn)
 i - a +2 robe of fire resistance
 m - a +2 helmet (worn)
 t - a +3 leather armour of poison resistance
 G - a +0 pair of gloves (worn)
 N - the +1 ring mail of Plasticity {rElec rPois}
   (You found it on level 12 of the Dungeon)

   It insulates you from electricity.
   It protects you from poison.
 P - a +0 troll leather armour (worn)
Jewellery
 h - an uncursed ring of magical power
 n - a ring of poison resistance (left hand)
 p - an uncursed ring of teleportation
 v - an uncursed ring of magical power
 w - an uncursed ring of fire
 D - an uncursed ring of wizardry
 M - a ring of see invisible (right hand)
Wands
 b - a wand of iceblast (5)
 x - a wand of polymorph (5)
 E - a wand of paralysis (8)
Scrolls
 e - 2 scrolls of identify
 o - 6 scrolls of fear
 u - a scroll of amnesia
 y - a scroll of blinking
 z - a scroll of remove curse
 F - a scroll of enchant armour
 J - a scroll of enchant weapon
 O - a scroll of brand weapon {unknown}
Potions
 r - 2 potions of curing
 C - a potion of brilliance
 L - a potion of might
Comestibles
 f - 17 rations
 K - 13 chunks of flesh


   Skills:
 + Level 5.9 Fighting
 + Level 8.5 Short Blades
 + Level 3.3 Axes
 + Level 0.7 Throwing
 + Level 6.1 Armour
 + Level 7.6 Dodging
 + Level 4.3 Stealth
 + Level 10.0 Shields


You had 10 spell levels left.
You didn't know any spells.
Your spell library was empty.

Dungeon Overview and Level Annotations

Branches:
Dungeon (12/15)            Temple (0/1) D:6            Lair (0/6) D:10
    Orc: D:9-12

Altars:
Ashenzari
Fedhas
Qazlal
Ru

Shops:
D:6 *   D:9 *


Innate Abilities, Weirdness & Mutations

You are resistant to damage.
You can heal yourself by infusing magical energy.
You passively map the area around you.
You occasionally shout uncontrollably at your foes.
You cannot read scrolls while threatened.
You are somewhat unskilled. (-1 Apt)
You are missing an eye, making it more difficult to aim.
You do not regenerate.


Message History

You barely miss the titanic slime creature.
The titanic slime creature is lightly wounded.
The titanic slime creature barely misses you.
You hit the titanic slime creature.
The titanic slime creature is lightly wounded.
You block the slime creature's attack.
The titanic slime creature closely misses you.
You closely miss the titanic slime creature.
The titanic slime creature is lightly wounded.
The slime creature hits you.
You hit the titanic slime creature.
The titanic slime creature is lightly wounded.
The titanic slime creature barely misses you.
The slime creature misses you.
You puncture the slime creature!
The slime creature is lightly wounded.
The titanic slime creature hits you!!!
You feel threatened and lose the ability to read scrolls!
Ouch! That really hurt!
You die...

#### ###..###### #.........#
..........# #############* * *
..........###............, ,, ,
, ..........รท[)......# **,
........#########..# #..# *
........#.......@J.# #..#
##......#.......#J.# #..# *,
#......#.......#..# #..#
,+......#......[#..# #?.# ,
,#......#########..# #..# ,
,.........)......#####..######,
.......)...................
,........)#####.............
,.........#, #.............


You could see a titanic slime creature and a slime creature.

Vanquished Creatures
  Gastronok (D:8)
  Harold (D:7)
  3 two-headed ogres
  A troll (D:12)
  Grinder (D:5)
  Prince Ribbit (D:6)
  2 hippogriffs (D:10)
  6 yaks (D:11)
  Grum (D:8)
  A water moccasin (D:5)
  4 orc warriors
  3 ice beasts
  2 sky beasts
  A black bear (D:12)
  5 wolves
  A necrophage (D:8)
  2 ogres
  6 centaurs
  2 crocodiles
  A big kobold (D:8)
  Blork the orc (D:5)
  5 bullfrogs
  A wyvern zombie (D:10)
  3 scorpions
  12 killer bees
  3 wights (D:7)
  A howler monkey (D:10)
  3 bullfrog zombies
  4 crimson imps
  2 centaur zombies
  3 quasits
  7 hounds
  2 bullfrog skeletons
  2 gnoll shamans
  3 orc priests
  A jelly (D:9)
  7 orc wizards
  A centaur skeleton (D:7)
  An iguana (D:11)
  7 worker ants
  A hound skeleton (D:9)
  A howler monkey zombie (D:10)
  Robin (D:2)
  12 adders
  13 gnolls
  2 howler monkey skeletons
  A shadow imp (D:8)
  An ooze (D:1)
  4 adder skeletons
  An adder zombie (D:7)
  4 worms
  A dart slug (D:1)
  3 leopard geckos
  40 orcs
  4 giant cockroaches
  12 goblins
  14 hobgoblins
  9 jackals
  9 kobolds
  4 quokkas
  3 ball pythons
  5 bats
  4 frilled lizards
  A jackal zombie (D:8)
  A quokka skeleton (D:2)
  6 rats
271 creatures vanquished.

Vanquished Creatures (others)
  A two-headed ogre (D:9)
  A wyvern (D:10)
  An orc priest (D:12)
  A hound (D:7)
  A jackal (D:10)
5 creatures vanquished.

Grand Total: 276 creatures vanquished

Notes
Turn   | Place    | Note
-------+----------+-------------------------------------------
     0 | D:1      | Marnok the Deep Dwarf Fighter began the quest for the Orb.
     0 | D:1      | Reached XP level 1. HP: 20/20 MP: 1/1
    77 | D:1      | Reached XP level 2. HP: 20/27 MP: 2/2
   458 | D:1      | Reached XP level 3. HP: 33/33 MP: 3/3
   826 | D:2      | Noticed Robin
   840 | D:2      | Killed Robin
  1206 | D:3      | Found a sacrificial altar of Ru.
  1229 | D:3      | Reached XP level 4. HP: 29/40 MP: 4/4
  1237 | D:3      | Became a worshipper of Ru the Awakened
  1640 | D:2      | Reached skill level 1 in Short Blades
  2031 | D:2      | Gained mutation: You are somewhat unskilled. (-1 Apt) [Ru
                  | sacrifice]
  2031 | D:2      | Reached * piety under Ru
  2031 | D:2      | Reached ** piety under Ru
  2205 | D:3      | Reached skill level 1 in Dodging
  2215 | D:3      | Found a stormy altar of Qazlal.
  2415 | D:4      | Found a blossoming altar of Fedhas.
  2419 | D:4      | Reached XP level 5. HP: 38/46 MP: 5/5
  2480 | D:4      | You fall through a shaft for 2 floors!
  2482 | D:6      | Noticed an orc warrior
  2500 | D:6      | Killed an orc warrior
  2500 | D:6      | Reached XP level 6. HP: 32/55 MP: 6/6
  2536 | D:5      | Entered Level 5 of the Dungeon
  2558 | D:5      | Reached skill level 4 in Shields
  2604 | D:5      | Reached skill level 1 in Stealth
  2796 | D:5      | Reached XP level 7. HP: 31/62 MP: 6/6
  2809 | D:5      | Noticed Grinder
  2818 | D:5      | Paralysed by Grinder for 7 turns
  2832 | D:5      | Killed Grinder
  2886 | D:5      | Noticed Blork the orc
  2900 | D:5      | Killed Blork the orc
  2991 | D:6      | Found a staircase to the Ecumenical Temple.
  3044 | D:6      | Noticed Prince Ribbit
  3063 | D:6      | Killed Prince Ribbit
  3063 | D:6      | Reached skill level 5 in Armour
  3063 | D:6      | Reached skill level 5 in Shields
  3063 | D:6      | Reached XP level 8. HP: 32/69 MP: 7/7
  3323 | D:6      | Found Ujiev's Serpentskin Sales.
  3356 | D:6      | Bought a +2 leather armour of poison resistance for 240
                  | gold pieces
  3755 | D:7      | Reached skill level 5 in Short Blades
  3862 | D:7      | Gained mutation: You are missing an eye, making it more
                  | difficult to aim. [Ru sacrifice]
  4065 | D:7      | Noticed Harold
  4068 | D:7      | Gained mutation: You passively map the area around you.
                  | [Deep Dwarf growth]
  4068 | D:7      | Reached XP level 9. HP: 25/78 MP: 7/7
  4074 | D:7      | Reached skill level 6 in Shields
  4097 | D:7      | Killed Harold
  4263 | D:7      | Found a shattered altar of Ashenzari.
  4668 | D:4      | Reached skill level 5 in Dodging
  4728 | D:4      | Reached skill level 7 in Shields
  5108 | D:8      | You fall through a shaft for 2 floors!
  5108 | D:10     | Entered Level 10 of the Dungeon
  5379 | D:9      | Noticed a two-headed ogre
  5407 | D:9      | Killed a two-headed ogre
  5407 | D:9      | Reached XP level 10. HP: 32/87 MP: 7/7
  5676 | D:8      | Noticed Grum
  5693 | D:8      | Killed Grum
  5882 | D:8      | Reached skill level 8 in Shields
  5907 | D:8      | Gained mutation: You cannot read scrolls while threatened.
                  | [Ru sacrifice]
  5907 | D:8      | Reached *** piety under Ru
  5907 | D:8      | Reached **** piety under Ru
  5935 | D:8      | Noticed Gastronok
  5963 | D:8      | Killed Gastronok
  5963 | D:8      | Reached skill level 5 in Fighting
  6322 | D:9      | Found Oxusaf's General Store.
  6330 | D:9      | Bought a scroll of identify for 24 gold pieces
  6330 | D:9      | Bought a scroll of teleportation for 36 gold pieces
  6358 | D:9      | Noticed a two-headed ogre
  6382 | D:9      | Killed a two-headed ogre
  6489 | D:9      | Reached skill level 9 in Shields
  6530 | D:9      | Reached XP level 11. HP: 24/96 MP: 4/4
  6941 | D:11     | Noticed a two-headed ogre
  7113 | D:10     | Found a staircase to the Lair.
  7368 | D:11     | Gained mutation: You occasionally shout uncontrollably at
                  | your foes. [Ru sacrifice]
  7494 | D:11     | Killed a two-headed ogre
  7524 | D:11     | Upgraded the game from 0.23.0-41-g86b089e62c to
                  | 0.23.0-42-geed6394480
  7535 | D:12     | Noticed a two-headed ogre
  7563 | D:12     | Killed a two-headed ogre
  7584 | D:12     | Got a warped ring mail
  7598 | D:12     | Identified the cursed +1 ring mail of Plasticity {rElec
                  | rPois} (You found it on level 12 of the Dungeon)
  7773 | D:12     | Reached skill level 10 in Shields
  7827 | D:12     | Demolished by a titanic slime creature

Skill      XL: |  1  2  3  4  5  6  7  8  9 10 11 |
---------------+----------------------------------+-----
Axes           | 3 |  3.3
Fighting       | 2 3 4 5 |  5.9
Short Blades   | 1 2 3 4 5 6 8 |  8.5
Dodging        | 1 2 3 5 6 7 |  7.6
Armour         | 4 5 6 |  6.1
Shields        | 4 5 7 9 10 | 10.0
Stealth        | 1 2 3 4 |  4.3
Throwing       | |  0.7

Action                   |  1- 3 |  4- 6 |  7- 9 | 10-12 || total
-------------------------+-------+-------+-------+-------++-------
Melee: War axe           |    45 |       |       |       ||    45
       Short sword       |    73 |   143 |   354 |   656 ||  1226
Throw: Stone             |     9 |     5 |       |     4 ||    18
Invok: Sacrifice Skill   |       |     1 |       |       ||     1
       Sacrifice an Eye  |       |       |     1 |       ||     1
       Draw Out Power    |       |       |       |    11 ||    11
       Sacrifice Words   |       |       |       |     1 ||     1
       Sacrifice Purity  |       |       |       |     1 ||     1
 Abil: Heal Wounds       |     1 |     3 |    11 |    16 ||    31
  Use: Potion            |     2 |       |     7 |     2 ||    11
       Scroll            |     1 |     6 |    16 |     9 ||    32
 Stab: Distracted        |       |     2 |     3 |     1 ||     6
       Sleeping          |       |       |     2 |     2 ||     4
       Invisible         |       |       |       |     1 ||     1
  Eat: Chunk             |     1 |     5 |     6 |     8 ||    20
       Ration            |       |       |     1 |       ||     1
Armor: Scale mail        |    50 |    56 |    13 |       ||   119
       Leather armour    |       |       |    45 |    99 ||   144
       Ring mail         |       |       |       |    13 ||    13
       Troll leather arm |       |       |       |     1 ||     1
Dodge: Dodged            |    36 |    45 |   124 |   247 ||   452
Block: Shield            |    45 |    76 |   221 |   435 ||   777
